AoeStats
← shai

Arabia

507909579Analyzed
1v1 RM · 13d ago on Sep 20, 2026· 49m 39s· 2 players
Game mode
Random Map
Map size
Tiny (2 player)
Population
200
Speed
Normal
Resources
Standard
Victory
Conquest
Starting age
Dark Age
Ending age
Imperial Age
RankedLock teamsTeams togetherTeam positionsShared explorationLock speedFull tech treeHidden civsTurbo modeCheats
Victory
Defeat
🇹🇼 Berbers · Taiwan
1468
+13
🇳🇿 Japanese · New Zealand
1400
-13
illuminati2045
5:43 Loom
8:42 Feudal Age
8:52 Man-at-Arms
9:19 Double-Bit Axe
15:10 Fletching
17:44 Padded Archer Armor
19:59 Wheelbarrow
23:13 Castle Age
21:39 Gold Mining
21:31 Horse Collar
23:15 Crossbowman
24:06 Bow Saw
24:00 Bodkin Arrow
25:59 Ballistics
26:03 Leather Archer Armor
26:09 Scale Barding Armor
29:57 Town Watch
30:28 Bloodlines
33:27 Forging
35:22 Chain Barding Armor
39:25 Husbandry
41:52 Iron Casting
47:18 Imperial Age
46:00 Thumb Ring
45:41 Elite Skirmisher
shai
6:46 Loom
9:06 Feudal Age
11:50 Double-Bit Axe
13:48 Horse Collar
23:06 Castle Age
21:48 Fletching
22:44 Padded Archer Armor
23:49 Bodkin Arrow
24:56 Bow Saw
25:02 Bloodlines
26:06 Husbandry
31:36 Wheelbarrow
34:26 Town Watch
35:24 Ballistics
36:21 Scale Barding Armor
43:08 Imperial Age
40:40 Gold Mining
44:52 Bracer
50:15 Leather Archer Armor
51:02 Chemistry
Connection lost

Rejoining the realm…

Still unreachable

The connection could not be restored.

Session expired

The server has moved on; the page needs a fresh start.